 Dungeon Crawl Stone Soup version 0.31-a0-1-g4198be8af4 (webtiles) character file.

Game seed: 10982607585935666229

74 Sabo the Covered (level 4, -3/41 HPs)
             Began as a Minotaur Fighter on May 2, 2023.
             Slain by Sigmund
             ... wielding a +0 scythe
              (8 damage)
             ... on level 3 of the Dungeon.
             The game lasted 00:08:20 (1499 turns).

Sabo the Covered (Minotaur Fighter)                 Turns: 1499, Time: 00:08:20

Health: -3/41      AC:  7    Str: 22    XL:     4   Next: 9%
Magic:  3/3        EV:  9    Int:  5    God:
Gold:   149        SH:  4    Dex: 10    Spells: 3/3 levels left

rFire   . . .        a - +0 war axe
rCold   . . .        c - +0 buckler
rNeg    + . .        b - +0 scale mail
rPois   .            (helmet restricted)
rElec   .            (no cloak)
rCorr   .            (no gloves)
SInv    .            (no boots)
Will    .....        (no amulet) Stlth
                     j - ring of positive energy
HPRegen 0.26/turn    (no ring)
MPRegen 0.08/turn

%: no passive effects
@: mighty
A: horns 2, retaliatory headbutt
a: no special abilities


You were on level 3 of the Dungeon.
You visited 1 branch of the dungeon, and saw 3 of its levels.

You collected 149 gold pieces.

Inventory:

Hand Weapons
 a - a +0 war axe (weapon)
 f - a +0 sling
Missiles
 i - a throwing net
 l - 2 curare-tipped darts (quivered)
Armour
 b - a +0 scale mail (worn)
 c - a +0 buckler (worn)
Jewellery
 j - a ring of positive energy (left hand)
Wands
 h - a wand of iceblast (3)
Scrolls
 g - a scroll of fog
 m - a scroll of identify
Potions
 d - a potion of might
 e - 2 potions of flight
 k - a potion of berserk rage {unknown}
 n - 2 potions of cancellation {unknown}


   Skills:
 + Level 4.4 Fighting
 + Level 3.3 Axes
 + Level 4.5 Armour
 + Level 0.1 Dodging
 + Level 0.1 Stealth
 + Level 4.1 Shields


You had 3 spell levels left.
You didn't know any spells.
Your spell library contained the following spells:

 Spells                   Type           Power      Damage    Failure   Level
 Inner Flame              Hex/Fire       0%         N/A       99%         3
 Flame Wave               Conj/Fire      0%         2d4       100%        4
 Sticky Flame             Conj/Fire      0%         2d3       100%        4


Dungeon Overview and Level Annotations

Branches:
Dungeon (3/15)

Altars:

Shops:
D:1 [

Annotations:
D:3 Sigmund


Innate Abilities, Weirdness & Mutations

You have a pair of horns on your head.
You reflexively headbutt those who attack you in melee.


Message History

You barely miss Sigmund.
A quokka comes into view.
Sigmund casts a spell.
Sigmund flickers and vanishes!
Deactivating autopickup; reactivate with Ctrl-A.
You hit something. Something hits you but does no damage.
The rat bites you but does no damage.
A frilled lizard comes into view.
You barely miss something. You hit the quokka.
You kill the quokka!
You closely miss the rat. Something hits you.
The rat bites you but does no damage.
You barely miss something. You headbutt something. You hit the rat.
The rat bites you. Something hits you! You block the rat's attack.
You barely miss something. You slash the rat!
You kill the rat!
Something hits you!
You closely miss something. Your headbutt misses something.
You hit the hobgoblin.
The hobgoblin hits you but does no damage.
You hear some strange, mumbled words.
A magic dart appears from out of thin air!
The magic dart hits you.
You barely miss something. Your headbutt misses something.
You closely miss the hobgoblin.
The hobgoblin hits you but does no damage.
You hear some strange, mumbled words.
A puff of flame appears from out of thin air!
The puff of flame hits you!
* * * LOW HITPOINT WARNING * * *
The hobgoblin closely misses you.
You feel very mighty all of a sudden. Something hits you.
* * * LOW HITPOINT WARNING * * *
The hobgoblin barely misses you. You furiously retaliate!
You headbutt the hobgoblin!
You kill the hobgoblin!
You miss something. Your headbutt misses something.
You barely miss the frilled lizard. Something hits you!
You die...

####.# #.# #.# # ####
#.# . #..# #.# .#
##†####.##.# #####
#.......#.##
#.##..[########....[..
#.$.{@.....####......>
####l#####............
... #.....##.......
#..## #.######.......
#..# ... #....... #...
...# ..##...# ..# ###
#.## .#.# .# #. .#.#
.. .# .


You could see a frilled lizard.

Vanquished Creatures
  Jessica (D:2)
  An adder (D:2)
  A worm (D:2)
  5 ball pythons
  3 endoplasms
  2 giant cockroaches
  2 hobgoblins (D:3)
  4 jackals (D:1)
  A quokka (D:3)
  3 bats
  A frilled lizard (D:1)
  3 goblins (D:2)
  4 kobolds
  3 rats
34 creatures vanquished.

Notes
Turn   | Place    | Note
-------+----------+-------------------------------------------
     0 | D:1      | Sabo the Minotaur Fighter began the quest for the Orb.
     0 | D:1      | Reached XP level 1. HP: 19/19 MP: 0/0
   189 | D:1      | Found Cobit's Antique Armour Shoppe.
   392 | D:1      | Reached XP level 2. HP: 27/27 MP: 1/1
   606 | D:2      | Noticed Jessica
   609 | D:2      | Killed Jessica
   610 | D:2      | Reached XP level 3. HP: 33/33 MP: 2/2
  1379 | D:3      | Reached XP level 4. HP: 41/41 MP: 3/3
  1487 | D:3      | Noticed Sigmund
  1499 | D:3      | Slain by Sigmund

Illustrated notes

Levels and vault maps discovered:
D:1:      kennysheep_arrival_seaside, layout_basic, serial_shops,
          nicolae_diamond_shop
D:2:      layout_loops_cross, uniq_jessica
D:3:      layout_rooms, chequers_temple_overflow_minitemple, uniq_sigmund

Skill      XL: |  1  2  3 |
---------------+----------+-----
Armour         | 4 |  4.5
Fighting       | 4 |  4.4
Shields        | 4 |  4.1
Axes           | 3 |  3.3
Dodging        | |  0.1
Stealth        | |  0.1

Action                     |  1- 3 |  4- 6 || total
---------------------------+-------+-------++-------
  Melee: War axe           |    51 |    14 ||    65
         Headbutt          |     8 |     2 ||    10
    Use: Scroll            |     5 |       ||     5
         Potion            |       |     1 ||     1
 Armour: Scale mail        |    22 |     6 ||    28
  Dodge: Dodged            |    24 |     3 ||    27
  Block: Buckler           |    15 |     4 ||    19

Table legend: (Time is in decaauts)
 A = Elapsed time spent in this place.
 B = Non-inter-level travel time spent in this place.
 C = Inter-level travel time spent in this place.
 D = Time resting spent in this place.
 E = Time spent auto-exploring this place.
 F = Levels seen in this place.
 G = Mean time per level.
                   A        B        C        D        E       F      G
               +--------+--------+--------+--------+--------+-----+--------+
         Total |   1523 |   1523 |      0 |     45 |      0 |   3 |  507.7 |
       Dungeon |   1523 |   1523 |      0 |     45 |      0 |   3 |  507.7 |
               +--------+--------+--------+--------+--------+-----+--------+

Top non-repeatable levels by time:
     D:2: 751 daAuts
     D:1: 645 daAuts
     D:3: 127 daAuts
